 Dungeon Crawl Stone Soup version 0.27-a0-328-g7f782ed93a (webtiles) character file.

Game seed: 3906949259524507026

1601 lunkers the Martial Artist (level 8, -2/60 HPs)
             Began as a Merfolk Transmuter on Feb 11, 2021.
             Slain by a centaur (4 damage)
             ... on level 6 of the Dungeon.
             The game lasted 00:09:40 (6834 turns).

lunkers the Martial Artist (Merfolk Transmuter)     Turns: 6834, Time: 00:09:41

Health: -2/60      AC:  2    Str: 11    XL:     8   Next: 94%
Magic:  6/11       EV: 21    Int: 12    God:
Gold:   214        SH:  0    Dex: 21    Spells: 2/11 levels left

rFire    . . .     SeeInvis .     - Unarmed
rCold    . . .     Faith    .   (shield currently unavailable)
rNeg     . . .     Spirit   .   (armour currently unavailable)
rPois    x         Reflect  .   (helmet currently unavailable)
rElec    .         Harm     .   (cloak currently unavailable)
rCorr    .         Rampage  .   (gloves currently unavailable)
Will     .....                  (boots currently unavailable)
Stlth    ++........             (no amulet)
HPRegen  0.20/turn              (no ring)
MPRegen  0.12/turn              (no ring)

@: spider-form (expiring)
A: tiny, (change form in water), (swift swim), (stealthy swim)
a: End Transformation


You were on level 6 of the Dungeon.
You were a venomous arachnid creature.
You visited 1 branch of the dungeon, and saw 6 of its levels.
You also visited: Sewer.

You collected 214 gold pieces.

Inventory:

Armour
 j - a +1 robe of willpower (melded)
 q - a +0 troll leather armour {Purgy}
Jewellery
 k - a ring of fire
Wands
 r - a wand of random effects (15)
Scrolls
 b - 3 scrolls of magic mapping {unknown}
 d - 7 scrolls of identify {unknown}
 e - 2 scrolls of immolation {unknown}
 f - 2 scrolls of amnesia {unknown}
 i - 2 scrolls of noise {unknown}
 l - a scroll of fog {unknown}
 m - a scroll of enchant weapon {unknown}
 p - 3 scrolls of random uselessness {unknown}
Potions
 a - a potion of curing
 c - a potion of invisibility {unknown}
 g - a potion of lignification {unknown}
 h - a potion of mutation {unknown}
 n - a potion of might
 o - 2 potions of heal wounds {unknown}


   Skills:
 + Level 4.2 Fighting
 - Level 2.6 Dodging
 * Level 9.7 Unarmed Combat
 - Level 2.0 Spellcasting
 + Level 8.1 Transmutations


You had 2 spell levels left.
You knew the following spells:

 Your Spells              Type           Power        Failure   Level
b - Blade Hands           Tmut           10%          47%         5
c - Spider Form           Tmut/Pois      5%           34%         3
p - Beastly Appendage     Tmut           40%          5%          1

Your spell library contained the following spells:

 Spells                   Type           Power        Failure   Level
 Wereblood                Tmut           20%          7%          2
 Ice Form                 Ice/Tmut       10%          67%         4
 Petrify                  Tmut/Erth      10%          67%         4
 Confusing Touch          Hex            1%           82%         3
 Gell's Gravitas          Tloc           0%           82%         3
 Yara's Violent Unravell  Hex/Tmut       5%           93%         5
 Metabolic Englaciation   Hex/Ice        0%           100%        5


Dungeon Overview and Level Annotations

Branches:
Dungeon (6/15)              Sewer (visited)
 Temple: D:4-7

Altars:
Yredelemnul
Beogh

Annotations:
D:3 3 runed translucent doors, CosmicReverie's ghost, amateur MiBe; GEC's ghost, amateur KoEn
D:4 3 runed translucent doors, dolemite99's ghost, amateur GnAM


Message History

The centaur shoots an arrow.
The arrow misses you.
The hound zombie bites you but does no damage.
The centaur shoots an arrow.
The arrow barely misses you.
You barely miss the hound zombie. The hound zombie completely misses you.
The centaur shoots an arrow.
The arrow hits you!
* * * LOW HITPOINT WARNING * * *
You are too injured to fight recklessly!
You are too injured to fight recklessly!
You hit the hound zombie.
The hound zombie is lightly damaged.
The hound zombie closely misses you.
The centaur shoots an arrow.
The arrow completely misses you.
You bite the hound zombie!
The hound zombie is almost destroyed.
The centaur shoots an arrow.
The arrow hits you!
* * * LOW HITPOINT WARNING * * *
The hound zombie misses you.
You barely miss the hound zombie.
The hound zombie is almost destroyed.
The centaur shoots an arrow.
The arrow hits you.
* * * LOW HITPOINT WARNING * * *
The hound zombie bites you.
* * * LOW HITPOINT WARNING * * *
You bite the hound zombie!
You destroy the hound zombie!
Your transformation has ended.
Your +1 robe of willpower unmelds from your body.
You feel strong-willed.
The centaur shoots an arrow.
The arrow hits you.
* * * LOW HITPOINT WARNING * * *
Casting: Spider Form (dangerous; 16% risk of failure)
Confirm with . or Enter, or press ? or * to list all spells.
You turn into a venomous arachnid creature.
Your +1 robe of willpower melds into your body.
You feel less strong-willed.
The centaur shoots an arrow.
The arrow closely misses you.
The centaur shoots an arrow.
The arrow hits you!
* * * LOW HITPOINT WARNING * * *
Unknown command.
Your transformation is almost over.
The centaur unwields a +0 shortbow.
The centaur hits you.
You die...

... ...# ..#..
#######.....
##..........#
###............
######..[!.....!....
#...........sc......
#########.............
#......................
#.##≈≈≈≈≈##............
#≈##≈≈≈≈≈##............
#.≈≈.≈...≈≈...........>
##.≈≈.....≈≈.#######.##.
#..≈≈.....≈≈.# .#
#..≈≈..≈..≈≈.#


You could see a centaur.

Vanquished Creatures
  Edmund (D:4)
  Purgy (Sewer)
  4 ogres (D:5)
  A centaur (D:5)
  A phantom (D:5)
  A kobold brigand (D:5)
  Blork the orc (D:5)
  A scorpion (D:5)
  A howler monkey (D:4)
  An orc priest (D:4)
  3 hounds
  2 bullfrog skeletons (D:4)
  2 iguanas (D:5)
  4 orc wizards (D:4)
  3 worker ants
  A hound zombie (D:6)
  2 hound skeletons
  A worker ant zombie (D:5)
  4 gnolls (D:4)
  8 adders
  A river rat (D:6)
  3 oozes
  2 adder zombies
  5 worms
  A dart slug (D:1)
  2 leopard geckos
  10 orcs
  8 giant cockroaches
  4 goblins
  3 hobgoblins
  2 jackals (Sewer)
  A quokka (D:2)
  2 ball pythons (D:4)
  3 bats
  3 frilled lizards
  12 kobolds
  7 rats
112 creatures vanquished.

Vanquished Creatures (others)
  5 plants (D:5)
5 creatures vanquished.

Grand Total: 117 creatures vanquished

Notes
Turn   | Place    | Note
-------+----------+-------------------------------------------
     0 | D:1      | lunkers the Merfolk Transmuter began the quest for the Orb.
     0 | D:1      | Reached XP level 1. HP: 15/15 MP: 3/3
     4 | D:1      | Noticed a four-headed hydra
   315 | D:1      | Reached XP level 2. HP: 21/21 MP: 3/5
   610 | D:1      | Noticed a death yak
   675 | D:1      | Reached skill level 4 in Unarmed Combat
   848 | D:2      | Reached XP level 3. HP: 19/26 MP: 4/6
  1503 | D:2      | Reached XP level 4. HP: 19/32 MP: 5/7
  2006 | D:3      | Learned a level 3 spell: Spider Form
  2007 | D:3      | Found a runed translucent gate.
  2007 | D:3      | Found a runed translucent gate.
  2007 | D:3      | Found a runed translucent gate.
  2014 | D:3      | Noticed GEC's ghost (amateur KoEn)
  2014 | D:3      | Noticed CosmicReverie's ghost (amateur MiBe)
  2253 | D:3      | Reached skill level 5 in Unarmed Combat
  2928 | D:4      | Reached XP level 5. HP: 37/37 MP: 4/8
  3127 | D:4      | Reached skill level 6 in Unarmed Combat
  3127 | D:4      | Reached skill level 5 in Transmutations
  3129 | D:4      | Reached XP level 6. HP: 4/43 MP: 4/9
  3714 | D:4      | Found a basalt altar of Yredelemnul.
  3853 | D:4      | Noticed Edmund
  4214 | D:4      | Reached skill level 7 in Unarmed Combat
  4226 | D:4      | Reached XP level 7. HP: 21/48 MP: 4/10
  4595 | D:4      | Killed Edmund
  5029 | D:4      | Found a runed translucent gate.
  5029 | D:4      | Found a runed translucent gate.
  5030 | D:4      | Found a runed translucent gate.
  5031 | D:4      | Noticed dolemite99's ghost (amateur GnAM)
  5033 | D:4      | Identified the +1 leather armour "Yxuwiuch" {Str+2 SInv
                  | Stlth+}
  5034 | D:4      | Found a roughly hewn altar of Beogh.
  5173 | D:5      | Entered Level 5 of the Dungeon
  5214 | D:5      | Reached skill level 8 in Unarmed Combat
  5222 | D:5      | Reached XP level 8. HP: 26/57 MP: 9/11
  6009 | D:5      | Noticed Blork the orc
  6016 | D:5      | Reached skill level 9 in Unarmed Combat
  6025 | D:5      | Killed Blork the orc
  6562 | D:6      | Found a glowing drain.
  6604 | Sewer    | Entered a sewer
  6696 | Sewer    | Noticed Purgy
  6728 | Sewer    | Learned a level 5 spell: Blade Hands
  6746 | Sewer    | Killed Purgy
  6833 | D:6      | HP: 2/60 [centaur/arrow (9)]
  6834 | D:6      | Slain by a centaur

Illustrated notes

Levels and vault maps discovered:
D:1:      sevenhm_arrival_forest_fort_small_2, layout_basic
D:2:      layout_loops_ring, kennysheep_generic_room_9
D:3:      layout_basic, gammafunk_ghost_cemetery
D:4:      layout_loops_ring, biasface_ghost_orc_armoury, grunt_ministairs_14,
          nrook_loot_triangle, glass_columns_b, minmay_ruined_shrine,
          uniq_edmund
D:5:      layout_basic, grunt_ministairs_6, lexackson_kobold_supper,
          uniq_blork_the_orc
D:6:      layout_rooms, cheibrodos_sewer_entry_sluice,
          grunt_dithmenos_smoke_and_mirrors

Skill      XL: |  1  2  3  4  5  6  7  8 |
---------------+-------------------------+-----
Transmutations | 3 4 5 6 8 |  8.1
Unarmed Combat | 4 5 6 7 8 9 |  9.7
Fighting       | 2 4 |  4.2
Dodging        | |  2.6
Spellcasting   | |  2.0

Action                   |  1- 3 |  4- 6 |  7- 9 || total
-------------------------+-------+-------+-------++-------
Melee: Unarmed           |    73 |   133 |   144 ||   350
       Headbutt          |    13 |     6 |       ||    19
       Punch             |       |     1 |     1 ||     2
 Cast: Beastly Appendage |    16 |     4 |       ||    20
       Spider Form       |       |    13 |    21 ||    34
  Use: Potion            |       |     3 |       ||     3
 Stab: Sleeping          |     1 |       |     1 ||     2
Armor: Robe              |    10 |     3 |     2 ||    15
       Skin              |       |     2 |     6 ||     8
Dodge: Dodged            |    40 |   110 |    91 ||   241

Table legend: (Time is in decaauts)
 A = Elapsed time spent in this place.
 B = Non-inter-level travel time spent in this place.
 C = Inter-level travel time spent in this place.
 D = Time resting spent in this place.
 E = Time spent auto-exploring this place.
 F = Levels seen in this place.
 G = Mean time per level.
                   A        B        C        D        E       F      G
               +--------+--------+--------+--------+--------+-----+--------+
         Total |   6782 |   6616 |    166 |    620 |   5095 |   7 |  968.9 |
       Dungeon |   6582 |   6416 |    166 |    597 |   4981 |   6 | 1097.0 |
         Sewer |    200 |    200 |      0 |     23 |    114 |   1 |  200.0 |
               +--------+--------+--------+--------+--------+-----+--------+

Top non-repeatable levels by time:
     D:4: 1793 daAuts
     D:3: 1373 daAuts
     D:5: 1371 daAuts
     D:2: 1215 daAuts
     D:1: 768 daAuts
   Sewer: 200 daAuts
     D:6: 60 daAuts
